 Dungeon Crawl Stone Soup version 0.23.2-33-g5129a83184 (webtiles) character file.

Game seed: 4317781564855918742

154 FishyPogo the Sneak (level 5, -3/37 HPs)
             Began as a Vampire Summoner on Aug 3, 2019.
             Killed from afar by Dowan (16 damage)
             ... with a stone arrow
             ... on level 4 of the Dungeon.
             The game lasted 00:31:08 (3127 turns).

FishyPogo the Sneak (Vampire Summoner)              Turns: 3127, Time: 00:31:09

Health: -3/37      AC:  5    Str:  7    XL:     5   Next: 13%
Magic:  1/9        EV: 14    Int: 18    God:
Gold:   226        SH:  0    Dex: 15    Spells: 4/9 levels left

rFire    . . .     SeeInvis +   b - +0 dagger
rCold    + . .     Gourm    .   (no shield)
rNeg     + + .     Faith    .   d - +0 robe
rPois    +         Spirit   .   g - +1 helmet
rElec    .         Reflect  .   (no cloak)
rCorr    .         Harm     .   (no gloves)
MR       .....                  q - +0 pair of boots
Stlth    ++++......             (no amulet)
HPRegen  0.06/turn              (no ring)
MPRegen  0.11/turn              (no ring)

@: lethally poisoned (-3 -> -4), regenerating slowly
A: fangs 3, see invisible, unbreathing
a: Bat Form


You were on level 4 of the Dungeon.
You were near bloodless.

You visited 1 branch of the dungeon, and saw 4 of its levels.

You collected 226 gold pieces.

Inventory:

Hand Weapons
 a - a +0 club
 b - a +0 dagger (weapon)
Missiles
 h - 105 stones (quivered)
Armour
 d - a +0 robe (worn)
 g - a +1 helmet (worn)
 q - a +0 pair of boots (worn)
Scrolls
 f - 3 scrolls of enchant armour
 j - a scroll of teleportation {unknown}
 l - a scroll of enchant weapon {unknown}
 r - a scroll of identify
 s - 3 scrolls of amnesia
Potions
 c - 11 potions of blood
 e - a potion of cancellation {unknown}
 i - a potion of brilliance {unknown}
 k - 2 potions of agility {unknown}
 m - 4 potions of curing
 p - a potion of ambrosia
 t - a potion of haste {unknown}


   Skills:
 + Level 1.2 Fighting
 * Level 1.9 Short Blades
 * Level 3.4 Dodging
 * Level 4.9 Stealth
 * Level 2.8 Spellcasting
 - Level 4.0 Summonings


You had 4 spell levels left.
You knew the following spells:

 Your Spells              Type           Power        Failure   Level  Hunger
a - Call Canine Familiar  Summ           ###.....     10%         3    ###....
b - Call Imp              Summ           ###.....     4%          2    ##.....

Your spell library contained the following spells:

 Spells                   Type           Power        Failure   Level  Hunger
 Summon Small Mammal      Summ           ###.         3%          1    None
 Summon Guardian Golem    Hex/Summ       #.......     22%         3    ###....
 Summon Ice Beast         Ice/Summ       #.......     58%         4    ####...
 Summon Lightning Spire   Summ/Air       #.......     58%         4    ####...


Dungeon Overview and Level Annotations

Branches:
Dungeon (4/15)
 Temple: D:4-7

Altars:
Makhleb
Nemelex Xobeh
The Shining One

Annotations:
D:4 1 transporter, exclusions: gnoll, orc and 3 more exclusions, Dowan


Innate Abilities, Weirdness & Mutations

You heal slowly.
You have razor-sharp teeth.
You have supernaturally acute eyesight. (SInv)
You can survive without breathing.


Message History

Dowan misses you.
Casting: Call Imp (safe; 4% risk of failure)
Confirm with . or Enter, or press ? or * to list all spells.
A beastly little devil appears in a puff of flame.
You feel sick.
Your crimson imp disappears in a puff of smoke!
Dowan is no longer moving quickly.
Dowan gestures wildly while chanting.
Dowan blinks!
You feel sick.
Dowan gestures wildly while chanting.
Dowan blinks!
Your crimson imp blinks!
Casting: Call Imp (safe; 4% risk of failure)
Confirm with . or Enter, or press ? or * to list all spells.
You don't have enough magic to cast that spell.
You feel almost devoid of blood! Dowan casts a spell at you.
The stone arrow hits you!
You die...

#.##.#######.##.#...
#.##.##.........#...
#.##.##+####.####...
#.##.....###.##.....
#.##.........##.#...
#.##.....######.#...
#.##..........).....
##.#############.....
#...@.e.......ยง....<.
##.#############.##.#
###############.##..
#....e......(.#5####
#.###########.#e# #.#
#.#.# #.# #.#.# #.#
#.#.#
##.###########.#.#


You could see Dowan.

Vanquished Creatures
  An iguana (D:4)
  3 adders
  An orc (D:3)
  2 bats
  2 giant cockroaches (D:2)
  3 goblins
  A hobgoblin (D:2)
  A frilled lizard (D:1)
  A kobold (D:3)
  4 rats
19 creatures vanquished.

Vanquished Creatures (collateral kills)
  Duvessa (D:4)
  An adder (D:2)
  3 oozes (D:1)
  2 leopard geckos (D:1)
  4 orcs (D:3)
  3 bats (D:1)
  2 giant cockroaches (D:1)
  3 goblins
  5 hobgoblins
  2 quokkas
  2 frilled lizards (D:1)
  A rat (D:1)
29 creatures vanquished.

Grand Total: 48 creatures vanquished

Notes
Turn   | Place    | Note
-------+----------+-------------------------------------------
     0 | D:1      | FishyPogo the Vampire Summoner began the quest for the Orb.
     0 | D:1      | Reached XP level 1. HP: 13/13 MP: 3/3
   511 | D:1      | Reached XP level 2. HP: 19/19 MP: 1/5
   577 | D:1      | Learned a level 2 spell: Call Imp
  1202 | D:2      | Reached XP level 3. HP: 17/25 MP: 3/6
  1806 | D:2      | Found a glowing golden altar of the Shining One.
  2252 | D:3      | Found a sparkling altar of Nemelex Xobeh.
  2303 | D:3      | Reached skill level 1 in Short Blades
  2406 | D:3      | Learned a level 3 spell: Call Canine Familiar
  2560 | D:3      | Found a burning altar of Makhleb.
  2618 | D:3      | Reached XP level 4. HP: 31/31 MP: 2/7
  2778 | D:4      | Reached skill level 1 in Fighting
  2868 | D:4      | Found a transporter.
  2880 | D:4      | Noticed Duvessa
  2880 | D:4      | Noticed Dowan
  3006 | D:4      | Noticed a phantom
  3082 | D:4      | Killed Duvessa
  3082 | D:4      | Reached XP level 5. HP: 37/37 MP: 0/9
  3127 | D:4      | Killed from afar by Dowan

Skill      XL: |  1  2  3  4 |
---------------+-------------+-----
Stealth        | 4 |  4.9
Short Blades   | 1 |  1.9
Dodging        | 3 |  3.4
Fighting       | 1 |  1.2
Spellcasting   | |  2.8
Summonings     | |  4.0

Action                   |  1- 3 |  4- 6 || total
-------------------------+-------+-------++-------
Melee: Unarmed           |    34 |       ||    34
       Club              |    12 |       ||    12
       Dagger            |    31 |    15 ||    46
       Bite              |     8 |       ||     8
Throw: Stone             |     1 |       ||     1
 Cast: Summon Small Mamm |    37 |       ||    37
       Call Imp          |     7 |     5 ||    12
       Call Canine Famil |     4 |     3 ||     7
 Abil: End Transformatio |     5 |     2 ||     7
       Bat Form          |     5 |     2 ||     7
  Use: Scroll            |     7 |       ||     7
       Potion            |     3 |     1 ||     4
 Stab: Sleeping          |    13 |     1 ||    14
Armor: Robe              |    15 |     4 ||    19
Dodge: Dodged            |    61 |    15 ||    76
